Map: 카이로스 정션 - 래더

Players

llllllllllll (herO) - Winner!

  • Race: Protoss Protoss
  • League: Master
  • Spawn Location: 5:00

Lambo

  • Race: Zerg Zerg
  • Spawn Location: 11:00

Event: IEM Season 13 - Katowice Server Qualifiers Europe

VOD

Have the link to the VOD?

Description

Time

  • Played on: Jan. 8, 2019, 9:41 a.m.
  • Length: 10:15

All games in this series

Show
View Real Time Build Order
Export as new Build Order

llllllllllll Protoss - Winner!

Build Orders: 1 Gate Expand, Oracle Opening, Mass Phoenix 

Get SALT Encoding   

  12  0:01  Probe  
  13  0:13  Probe  
  14  0:18  Pylon  
  14  0:23  Probe  
  15  0:32  Probe  
  15  0:40  Probe  
  15  0:42  Gateway  
  16  0:48  Assimilator  
  17  0:52  Probe  
  18  1:04  Probe  
  19  1:16  Probe  
  20  1:24  Nexus  
  20  1:34  Cybernetics Core  
  20  1:38  Probe  
  21  1:44  Assimilator  
  21  1:50  Probe  
  21  1:52  Pylon  
  22  2:02  Probe  
  23  2:11  Adept, Warp Gate  
  23  2:14  Probe  
  26  2:22  Stargate, Probe  
  27  2:30  Probe  
  27  2:32  Probe  
  29  2:38  Stalker  
  29  2:40  Probe  
  30  2:47  Probe  
  30  2:50  Probe  
  32  2:55  Oracle  
  33  2:59  Probe  
  33  3:02  Probe  
  38  3:14  Probe  
  38  3:15  Probe  
  38  3:17  Pylon  
  38  3:19  Gateway  
  40  3:24  Oracle  
  40  3:26  Probe  
  40  3:27  Probe  
  42  3:32  Assimilator  
  42  3:33  Assimilator  
  45  3:39  Probe x2  
  47  3:45  Pylon  
  47  3:51  Probe x2  
  49  3:55  Stargate  
  49  4:03  Phoenix  
  49  4:05  Probe x2  
  53  4:17  Probe x2  
  53  4:18  Zealot  
  53  4:20  Zealot, Pylon  
  53  4:22  Phoenix  
  61  4:32  Phoenix  
  61  4:34  Pylon  
  61  4:38  Gateway  
  61  4:40  Phoenix  
  61  4:45  Zealot  
  65  4:46  Probe  
  65  4:47  Probe  
  69  4:56  Pylon  
  69  4:58  Phoenix  
  71  5:05  Phoenix  
  73  5:23  Phoenix  
  73  5:25  Nexus, Phoenix  
  75  5:31  Shield Battery  
  75  5:32  Pylon  
  77  5:38  Robotics Facility  
  77  5:44  Phoenix  
  77  5:48  Phoenix  
  79  5:54  Probe  
  79  5:55  Probe  
  83  6:05  Assimilator  
  83  6:07  Probe x2  
  83  6:09  Assimilator  
  83  6:10  Phoenix  
  87  6:13  Phoenix  
  89  6:19  Probe x2  
  89  6:25  Immortal, Forge  
  91  6:31  Probe x2, Robotics Bay  
  93  6:37  Pylon  
  97  6:43  Probe x2  
  97  6:44  Probe  
  100  6:55  Probe x2, Warp Prism  
  100  6:56  Probe  
  103  7:04  Robotics Facility  
  103  7:07  Protoss Ground Weapons Level 1  
  105  7:09  Probe x2  
  105  7:10  Probe  
  105  7:11  Twilight Council  
  108  7:15  Sentry x2  
  108  7:18  Pylon  
  108  7:20  Colossus  
  108  7:22  Probe x3  
  115  7:24  Pylon  
  115  7:35  Probe, Pylon  
  122  7:42  Blink  
  122  7:43  Colossus  
  122  7:48  Gateway  
  122  7:51  Gateway  
  128  7:59  Sentry x2  
  128  8:01  Gateway  
  128  8:02  Colossus, Gateway  
  134  8:28  Colossus  
  132  8:36  Gateway  
  132  8:38  Gateway  
  132  8:39  Gateway  
  136  8:42  Sentry x2  
  136  8:46  Pylon  
  136  8:48  Pylon  
  140  8:49  Pylon  
  140  8:50  Pylon x2  
  140  9:07  Stalker x5  
  140  9:08  Stalker x2  
  154  9:18  Pylon  
  154  9:30  Stalker x2  
  154  9:31  Stalker x4  
  166  9:37  Stalker x2  
  159  9:53  Stalker x2  
  159  9:57  Stalker  
  159  9:58  Stalker x4  
  146  10:12  Stalker  
  146  10:13  Stalker x2  
Show
View Real Time Build Order
Export as new Build Order

Lambo Zerg 

Build Orders: Hatch First 

Get SALT Encoding   

  12  0:00  Drone  
  13  0:12  Overlord  
  13  0:17  Drone  
  14  0:31  Drone  
  15  0:44  Hatchery  
  15  0:48  Drone  
  15  0:51  Drone  
  15  0:55  Drone  
  17  0:59  Drone  
  18  1:09  Extractor  
  17  1:14  Spawning Pool  
  17  1:17  Drone  
  17  1:21  Drone  
  18  1:31  Drone  
  19  1:42  Drone  
  20  1:53  Overlord  
  20  2:01  Queen x2  
  20  2:02  Zergling x2  
  20  2:03  Zergling x2  
  26  2:10  Drone, Metabolic Boost  
  26  2:13  Drone  
  28  2:18  Drone  
  29  2:29  Drone  
  30  2:38  Hatchery  
  30  2:42  Drone  
  30  2:44  Drone x2  
  30  2:49  Overlord  
  32  2:54  Queen  
  34  2:59  Drone x2  
  36  3:11  Drone  
  36  3:12  Drone x2  
  39  3:14  Drone x2  
  39  3:15  Drone x2  
  39  3:17  Drone  
  39  3:18  Drone  
  44  3:22  Overlord  
  44  3:27  Spore Crawler  
  44  3:29  Drone  
  44  3:37  Spore Crawler  
  44  3:38  Queen, Extractor  
  44  3:41  Drone x2  
  46  3:47  Drone  
  46  3:48  Overlord  
  48  3:49  Overlord  
  48  3:50  Drone  
  48  3:51  Drone  
  50  3:57  Overlord  
  49  4:06  Queen, Drone  
  49  4:07  Drone x2  
  49  4:08  Drone x2  
  56  4:13  Zergling x8  
  56  4:16  Drone x2  
  56  4:17  Drone  
  63  4:21  Drone  
  64  4:25  Roach Warren  
  64  4:30  Spore Crawler, Drone x3  
  61  4:35  Drone x2  
  61  4:36  Drone x2  
  65  4:39  Extractor  
  65  4:41  Extractor, Drone x2  
  65  4:46  Overlord  
  65  4:47  Drone x2  
  65  4:48  Drone  
  65  4:49  Drone  
  69  4:57  Drone x4  
  72  5:00  Lair  
  72  5:03  Overlord  
  72  5:11  Drone x3  
  72  5:12  Evolution Chamber  
  73  5:15  Drone x4  
  77  5:21  Queen  
  77  5:23  Overlord  
  79  5:31  Extractor  
  79  5:33  Extractor  
  79  5:35  Queen  
  79  5:37  Drone x5  
  79  5:38  Spore Crawler x2, Zerg Missile Weapons Level 1  
  82  5:44  Overlord x2  
  82  5:53  Extractor, Drone x3  
  84  5:57  Queen x2  
  84  6:01  Drone  
  84  6:03  Drone x5  
  94  6:10  Queen  
  94  6:13  Overlord  
  94  6:15  Spore Crawler  
  91  6:18  Hydralisk Den  
  91  6:24  Drone x5  
  93  6:32  Drone x6  
  99  6:33  Queen x2  
  99  6:37  Spore Crawler  
  99  6:38  Overlord  
  99  6:39  Overlord  
  102  6:43  Drone  
  102  6:46  Queen  
  104  6:49  Grooved Spines  
  104  6:51  Hatchery  
  103  6:57  Drone x4  
  103  6:59  Spore Crawler  
  100  7:03  Baneling Nest  
  99  7:09  Overlord  
  99  7:11  Hydralisk x5  
  109  7:17  Evolution Chamber  
  109  7:18  Hydralisk x4, Infestation Pit  
  115  7:23  Hydralisk x2  
  115  7:24  Hydralisk  
  121  7:32  Hydralisk x4  
  129  7:37  Overlord  
  129  7:39  Overlord  
  129  7:41  Zerg Missile Weapons Level 2  
  129  7:42  Overlord x2  
  129  7:44  Zerg Melee Weapons Level 1  
  129  7:46  Centrifical Hooks  
  128  7:56  Overlord  
  128  8:00  Overlord, Muscular Augments  
  128  8:01  Hydralisk x5  
  138  8:06  Hydralisk x3  
  144  8:18  Hydralisk x5  
  145  8:27  Hydralisk x5  
  145  8:34  Drone x8  
  161  8:39  Drone x3  
  161  8:40  Drone  
  165  8:51  Zergling x4  
  165  8:52  Overlord  
  165  8:53  Hive  
  166  8:56  Overlord, Extractor  
  166  8:57  Extractor  
  166  8:59  Hatchery  
  163  9:04  Overlord  
  163  9:05  Zergling x8  
  163  9:08  Spire  
  166  9:12  Zergling x12  
  166  9:14  Zergling x4  
  174  9:18  Baneling  
  174  9:19  Baneling x3  
  174  9:22  Zergling x12  
  180  9:25  Baneling x4  
  180  9:31  Zergling x4  
  181  9:33  Baneling x13  
  181  9:34  Zergling x6  
  181  9:36  Zergling x6  
  182  9:39  Zergling x8  
  182  9:42  Baneling x6  
  182  9:45  Zergling x6  
  188  9:47  Baneling x5  
  188  9:48  Zergling x2  
  188  9:52  Zergling x4  
  168  9:57  Zergling x6  

Tags
 
Add a new tag
Caveats
  • Supply blocks, unpowered buildings, or Contaminate may cause inaccurate times.
  • Supply counts are checked every 10 seconds.